 Dungeon Crawl Stone Soup version bcrawl-1.39.1 (webtiles) character file.

Game seed: 9348428685021384330

353614 Finalfun the Martial Artist (level 11, -2/99 HPs)
             Began as a Gnoll Transmuter on Sept 21, 2023.
             Was an Initiate of Gozag.
             Slain by a bullfrog (10 damage)
             ... on level 1 of the Lair of Beasts.
             The game lasted 00:40:42 (9974 turns).

Finalfun the Martial Artist (Gnoll Transmuter)      Turns: 9974, Time: 00:40:43

Health: -2/99      AC:  7    Str: 14    XL:     11   Next: 45%
Magic:  23/23      EV: 21    Int: 18    God:    Gozag
Gold:   1415       SH:  0    Dex: 20    Spells: 17/26 levels left

rFire    . . .     GDR:     42%   - Ice fists (freeze) (26.0)
rCold    + + +     SeeInvis .   (shield currently unavailable)
rNeg     . . .     Gourm    .   (armour currently unavailable)
rPois    +         Faith    .   (helmet currently unavailable)
rElec    +         Spirit   .   (no cloak)
rCorr    +         Reflect  .   (gloves currently unavailable)
MR       ++...                  (boots currently unavailable)
Stlth    +++++.....             (no amulet)
HPRegen  0.26/turn              q - ring of wizardry
MPRegen  0.18/turn              D - ring of protection from cold

@: agile, swift, ice-form, resistant, gold aura, flying, hasted, invisible, very
quick
A: large, distributed training, strong nose
a: End Transformation, Potion Petition, Call Merchant, Bribe Branch, Renounce
Religion


You were on level 1 of the Lair of Beasts.
You worshipped Gozag.
Gozag was most pleased with you.
You were hungry.
You were a creature of crystalline ice.
You visited 3 branches of the dungeon, and saw 10 of its levels.
You also visited: Sewer.

You collected 1749 gold pieces.
You spent 285 gold pieces at shops.
You paid 49 gold pieces to Gozag.

Inventory:

Missiles
 a - 633 arrows
 y - 36 poisoned tomahawks (quivered)
Armour
 b - a +0 robe
 c - a +0 pair of gloves (melded)
 g - a +0 ring mail (melded)
 o - a +0 chain mail
 w - a +0 large shield
Jewellery
 q - a ring of wizardry (left front paw)
 D - a ring of protection from cold (right front paw)
Wands
 p - a wand of acid (7)
 r - a wand of iceblast (19)
 z - a wand of charming (7)
 F - a wand of random effects (4)
Scrolls
 d - 2 scrolls of remove curse
 f - 4 scrolls of fear
 h - 4 scrolls of enchant armour
 k - 2 scrolls of amnesia
 l - 4 scrolls of teleportation
 n - a scroll of enchant weapon
 t - 3 scrolls of revelation
 v - a scroll of immolation
 x - 2 scrolls of fog
 A - a scroll of blinking
 E - a scroll of brand weapon
Potions
 j - 3 potions of agility
 m - 4 potions of flight
 s - 2 potions of might
 u - a potion of brilliance
 B - a potion of magic
 C - a potion of curing
Comestibles
 e - 3 rations {!d}


   Skills:
 + Level 6.7 Fighting
 + Level 6.2 Short Blades
 + Level 6.2 Long Blades
 + Level 6.2 Axes
 + Level 6.2 Maces & Flails
 + Level 6.2 Polearms
 + Level 6.2 Staves
 + Level 6.2 Slings
 + Level 6.2 Bows
 + Level 6.2 Crossbows
 + Level 6.2 Throwing
 + Level 6.2 Armour
 + Level 7.8 Dodging
 + Level 6.2 Stealth
 + Level 6.2 Shields
 + Level 9.1 Unarmed Combat
 + Level 8.0 Spellcasting
 + Level 5.1 Conjurations
 + Level 5.1 Hexes
 + Level 5.1 Charms
 + Level 5.1 Summonings
 + Level 5.1 Necromancy
 + Level 5.1 Translocations
 + Level 6.4 Transmutations
 + Level 5.1 Fire Magic
 + Level 5.1 Ice Magic
 + Level 5.1 Air Magic
 + Level 5.1 Earth Magic
 + Level 5.1 Poison Magic
 + Level 6.8 Invocations
 + Level 6.2 Evocations


You had 17 spell levels left.
You knew the following spells:

 Your Spells              Type           Power        Failure   Level  Hunger
a - Beastly Appendage     Tmut           ####..       1%          1    None
b - Sticks to Snakes      Tmut           ####....     1%          2    None
c - Passwall              Tmut/Erth      ####....     1%          2    None
d - Ice Form              Ice/Tmut       ####....     3%          4    ###....

Your spell library contained the following spells:

 Spells                   Type           Power        Failure   Level  Hunger
 Spider Form              Tmut/Pois      ###          1%          3    None
 Blade Hands              Tmut           ####......   8%          5    #####..


Dungeon Overview and Level Annotations

Branches:
Dungeon (8/12)             Temple (1/1) D:4            Lair (1/6) D:8
    Orc: D:8-11

Altars:
Ashenzari
Cheibriados
Dithmenos
Elyvilon
Fedhas
Gozag
Hepliaklqana
Kikubaaqudgha
Makhleb
Nemelex Xobeh
Okawaru
Qazlal
Ru
Sif Muna
Trog
Uskayaw
Vehumet
Wu Jian
Xom
Yredelemnul
Zin
The Shining One

Shops:
D:6 ?

Annotations:
D:2 Robin
D:3 2 transporters, Burana's ghost, amateur VSAc
D:7 3 runed translucent doors, yrara's ghost, novice DsFi
D:8 Psyche
Lair:1 exclusion: hydra


Innate Abilities, Weirdness & Mutations

Your experience applies equally to all skills.
((You have very sharp teeth.))
Your uncanny sense of smell can sniff out nearby items.


Message History

You kill the spriggan!
The bullfrog misses you.
A bullfrog is nearby!
A bullfrog is nearby!
A bullfrog is nearby!
You feel better. The bullfrog hits you!
* * * LOW HITPOINT WARNING * * *
The bullfrog barely misses you.
A porcupine comes into view. [a] - 0 gold - haste, flight, resistance, invisibility and agility [b] - 0 gold - resistance, might, agility, curing and magic [c] - 0 gold - haste and flight Purchase which effect?
You feel yourself speed up.
You feel very buoyant.
You fly up into the air.
You feel protected.
You fade into invisibility!
You feel agile all of a sudden. The bullfrog hits you!
You die...
Your body crumbles into a pile of gold.

♣♣ ♣♣.♣ ..♣
♣♣.♣♣ ♣.♣♣
♣.♣♣ ♣...♣♣.)♣
♣ ♣....♣♣ r.
♣♣.♣♣♣ ♣(.♣
♣♣♣.♣
♣♣♣♣....♣
♣..♣♣
♣♣♣$F...♣ ♣.♣♣
♣♣..Y$♣ ♣.♣♣
♣♣♣♣..$♣♣♣
♣♣.♣♣♣♣..$$♣♣♣
♣♣.....♣♣♣♣
♣♣♣♣...♣
♣♣...♣♣♣♣♣♣
♣..)....... $
♣..♣♣♣♣♣♣♣.
....♣♣


You could see a bullfrog and a porcupine (wandering).

Vanquished Creatures
  Pikel (D:7)
  A cane toad (Lair:1)
  A komodo dragon (Lair:1)
  An eye of draining (D:8)
  Grinder (D:5)
  2 trolls (D:8)
  A hornet (D:8)
  2 slime creatures (D:7)
  A hippogriff (D:7)
  4 spriggans (Lair:1)
  6 yaks
  2 hungry ghosts
  Menkaure (D:5)
  A crocodile (D:7)
  Duvessa (D:4)
  A porcupine (Lair:1)
  3 orc warriors
  A hornet zombie (D:5)
  An ice beast (D:7)
  2 phantoms (D:6)
  4 sky beasts
  2 slaves (D:7)
  2 wolves (D:8)
  3 ogres
  3 kobold brigands (D:7)
  5 bullfrogs
  3 centaurs
  3 scorpions (D:4)
  5 killer bees (D:7)
  9 wights (D:8)
  2 electric eels
  2 howler monkeys
  5 orc priests
  2 crimson imps (D:6)
  5 jellies
  A bullfrog zombie (D:7)
  8 hounds
  3 bullfrog skeletons
  4 orc wizards
  An iguana (D:4)
  2 worker ants
  A killer bee zombie (D:3)
  A hound zombie (D:5)
  A worker ant zombie (D:7)
  A howler monkey skeleton (D:3)
  4 howler monkey zombies
  A gnoll (D:1)
  16 adders
  5 river rats (Sewer)
  2 shadow imps
  8 oozes
  2 adder skeletons
  5 worms
  3 dart slugs
  4 leopard geckos
  20 orcs
  6 ball pythons
  3 giant cockroaches
  10 goblins
  10 hobgoblins
  28 jackals
  5 quokkas
  3 bats
  6 frilled lizards
  25 kobolds
  A quokka skeleton (D:6)
  23 rats
302 creatures vanquished.

Vanquished Creatures (collateral kills)
  An orc priest (D:6)
  An orc (D:6)
  A jackal (D:6)
  3 kobolds (Sewer)
  A quokka zombie (D:5)
  A rat (Sewer)
8 creatures vanquished.

Vanquished Creatures (others)
  A hound zombie (D:7)
  A worker ant zombie (D:7)
  3 fungi (D:7)
  8 toadstools (D:7)
13 creatures vanquished.

Grand Total: 323 creatures vanquished

Notes
Turn   | Place    | Note
-------+----------+-------------------------------------------
     0 | D:1      | Finalfun the Gnoll Transmuter began the quest for the Orb.
     0 | D:1      | Reached XP level 1. HP: 17/17 MP: 6/6
   167 | D:1      | Reached XP level 2. HP: 18/23 MP: 7/7
   338 | D:1      | Learned a level 2 spell: Sticks to Snakes
   341 | D:1      | Learned a level 2 spell: Passwall
   484 | D:1      | Reached XP level 3. HP: 20/28 MP: 7/9
   577 | D:1      | Reached skill level 5 in Spellcasting
   818 | D:2      | Reached skill level 1 in Invocations
   846 | D:2      | Found a white marble altar of Elyvilon.
   927 | D:2      | Noticed Robin
   951 | D:2      | Reached skill level 1 in Short Blades
   951 | D:2      | Reached skill level 1 in Long Blades
   951 | D:2      | Reached skill level 1 in Axes
   951 | D:2      | Reached skill level 1 in Maces & Flails
   951 | D:2      | Reached skill level 1 in Polearms
   951 | D:2      | Reached skill level 1 in Staves
   951 | D:2      | Reached skill level 1 in Slings
   951 | D:2      | Reached skill level 1 in Bows
   951 | D:2      | Reached skill level 1 in Crossbows
   951 | D:2      | Reached skill level 1 in Throwing
   951 | D:2      | Reached skill level 1 in Armour
   951 | D:2      | Reached skill level 1 in Stealth
   951 | D:2      | Reached skill level 1 in Shields
   951 | D:2      | Reached skill level 1 in Evocations
  1070 | D:2      | Reached XP level 4. HP: 31/34 MP: 9/11
  1576 | D:3      | Reached skill level 1 in Conjurations
  1576 | D:3      | Reached skill level 1 in Hexes
  1576 | D:3      | Reached skill level 1 in Charms
  1576 | D:3      | Reached skill level 1 in Summonings
  1576 | D:3      | Reached skill level 1 in Necromancy
  1576 | D:3      | Reached skill level 1 in Translocations
  1576 | D:3      | Reached skill level 1 in Fire Magic
  1576 | D:3      | Reached skill level 1 in Ice Magic
  1576 | D:3      | Reached skill level 1 in Air Magic
  1576 | D:3      | Reached skill level 1 in Earth Magic
  1576 | D:3      | Reached skill level 1 in Poison Magic
  1721 | D:3      | Reached XP level 5. HP: 6/40 MP: 10/12
  1857 | D:3      | Noticed an orc warrior
  1926 | D:3      | Found a transporter.
  1929 | D:3      | Noticed Burana's ghost (amateur VSAc)
  1931 | D:3      | Found a transporter.
  1978 | D:3      | Found a glowing drain.
  1989 | Sewer    | Entered a sewer
  2703 | Sewer    | Reached XP level 6. HP: 42/47 MP: 11/13
  2935 | D:3      | Noticed a sky beast
  2975 | D:3      | Killed a sky beast
  2976 | D:3      | Reached skill level 5 in Dodging
  3071 | D:3      | Found a shattered altar of Ashenzari.
  3157 | D:3      | Reached XP level 7. HP: 49/52 MP: 15/15
  3615 | D:3      | Reached skill level 7 in Unarmed Combat
  4190 | D:4      | Found an ornate altar of the Wu Jian Council.
  4190 | D:4      | Found an iron altar of Okawaru.
  4198 | D:4      | Found a blossoming altar of Fedhas.
  4205 | D:4      | Found a shimmering blue altar of Sif Muna.
  4212 | D:4      | Found a shimmering altar of Xom.
  4313 | D:4      | Reached XP level 8. HP: 57/60 MP: 14/16
  4567 | D:4      | Found a staircase to the Ecumenical Temple.
  4573 | Temple   | Entered the Ecumenical Temple
  4680 | Temple   | Became a worshipper of Gozag Ym Sagoz the Greedy
  4734 | D:4      | Noticed Duvessa
  4777 | D:4      | Killed Duvessa
  5363 | D:5      | Entered Level 5 of the Dungeon
  5575 | D:5      | Noticed Menkaure
  5591 | D:5      | Killed Menkaure
  5655 | D:5      | Noticed Grinder
  5663 | D:5      | Found a basalt altar of Yredelemnul.
  5866 | D:5      | Paralysed by Grinder for 3 turns
  5880 | D:5      | Killed Grinder
  5881 | D:5      | Reached skill level 5 in Transmutations
  5881 | D:5      | Reached XP level 9. HP: 66/66 MP: 18/18
  6493 | D:6      | Reached skill level 5 in Fighting
  6743 | D:6      | Reached skill level 8 in Unarmed Combat
  6790 | D:6      | Found Uxeedaj's Magic Scroll Boutique.
  6851 | D:6      | Bought a scroll of identify for 30 gold pieces
  6851 | D:6      | Bought a scroll of identify for 30 gold pieces
  6851 | D:6      | Bought a scroll of identify for 30 gold pieces
  6851 | D:6      | Bought a scroll of teleportation for 45 gold pieces
  6851 | D:6      | Bought a scroll of fear for 75 gold pieces
  6851 | D:6      | Bought a scroll of fear for 75 gold pieces
  7058 | D:6      | Learned a level 4 spell: Ice Form
  7183 | D:6      | Reached skill level 5 in Invocations
  7395 | D:7      | Found a runed translucent gate.
  7395 | D:7      | Found a runed translucent gate.
  7395 | D:7      | Found a runed translucent gate.
  7406 | D:7      | Identified the +1 chain mail of Debuc {rPois MR- Regen+}
  7407 | D:7      | Noticed yrara's ghost (novice DsFi)
  7414 | D:7      | Found a roughly hewn altar of Beogh.
  7434 | D:7      | Reached XP level 10. HP: 74/74 MP: 15/20
  7645 | D:7      | Reached skill level 5 in Short Blades
  7645 | D:7      | Reached skill level 5 in Long Blades
  7645 | D:7      | Reached skill level 5 in Axes
  7645 | D:7      | Reached skill level 5 in Maces & Flails
  7645 | D:7      | Reached skill level 5 in Polearms
  7645 | D:7      | Reached skill level 5 in Staves
  7645 | D:7      | Reached skill level 5 in Slings
  7645 | D:7      | Reached skill level 5 in Bows
  7645 | D:7      | Reached skill level 5 in Crossbows
  7645 | D:7      | Reached skill level 5 in Throwing
  7645 | D:7      | Reached skill level 5 in Armour
  7645 | D:7      | Reached skill level 5 in Stealth
  7645 | D:7      | Reached skill level 5 in Shields
  7645 | D:7      | Reached skill level 5 in Evocations
  7875 | D:7      | Noticed Pikel
  7898 | D:7      | Killed Pikel
  8199 | D:7      | Found a glowing silver altar of Zin.
  8199 | D:7      | Noticed an angel
  8515 | D:8      | Noticed Psyche
  8803 | D:8      | Found a staircase to the Lair.
  8818 | D:8      | Reached XP level 11. HP: 68/82 MP: 22/22
  9511 | D:8      | Reached skill level 9 in Unarmed Combat
  9558 | D:8      | Found a shadowy altar of Dithmenos.
  9635 | Lair:1   | Entered Level 1 of the Lair of Beasts
  9641 | Lair:1   | Reached skill level 5 in Conjurations
  9641 | Lair:1   | Reached skill level 5 in Hexes
  9641 | Lair:1   | Reached skill level 5 in Charms
  9641 | Lair:1   | Reached skill level 5 in Summonings
  9641 | Lair:1   | Reached skill level 5 in Necromancy
  9641 | Lair:1   | Reached skill level 5 in Translocations
  9641 | Lair:1   | Reached skill level 5 in Fire Magic
  9641 | Lair:1   | Reached skill level 5 in Ice Magic
  9641 | Lair:1   | Reached skill level 5 in Air Magic
  9641 | Lair:1   | Reached skill level 5 in Earth Magic
  9641 | Lair:1   | Reached skill level 5 in Poison Magic
  9719 | Lair:1   | Noticed a seven-headed hydra
  9974 | Lair:1   | Slain by a bullfrog

Skill      XL: |  1  2  3  4  5  6  7  8  9 10 11 |
---------------+----------------------------------+-----
Spellcasting   | 5 6 7 8 |  8.0
Invocations    | 1 2 3 4 5 6 |  6.8
Short Blades   | 1 2 3 4 5 6 |  6.2
Long Blades    | 1 2 3 4 5 6 |  6.2
Axes           | 1 2 3 4 5 6 |  6.2
Maces & Flails | 1 2 3 4 5 6 |  6.2
Polearms       | 1 2 3 4 5 6 |  6.2
Staves         | 1 2 3 4 5 6 |  6.2
Slings         | 1 2 3 4 5 6 |  6.2
Bows           | 1 2 3 4 5 6 |  6.2
Crossbows      | 1 2 3 4 5 6 |  6.2
Throwing       | 1 2 3 4 5 6 |  6.2
Armour         | 1 2 3 4 5 6 |  6.2
Stealth        | 1 2 3 4 5 6 |  6.2
Shields        | 1 2 3 4 5 6 |  6.2
Evocations     | 1 2 3 4 5 6 |  6.2
Conjurations   | 1 2 3 4 5 |  5.1
Hexes          | 1 2 3 4 5 |  5.1
Charms         | 1 2 3 4 5 |  5.1
Summonings     | 1 2 3 4 5 |  5.1
Necromancy     | 1 2 3 4 5 |  5.1
Translocations | 1 2 3 4 5 |  5.1
Fire Magic     | 1 2 3 4 5 |  5.1
Ice Magic      | 1 2 3 4 5 |  5.1
Air Magic      | 1 2 3 4 5 |  5.1
Earth Magic    | 1 2 3 4 5 |  5.1
Poison Magic   | 1 2 3 4 5 |  5.1
Fighting       | 3 4 5 6 |  6.7
Transmutations | 4 5 6 |  6.4
Dodging        | 5 6 7 |  7.8
Unarmed Combat | 7 8 9 |  9.1

Action                   |  1- 3 |  4- 6 |  7- 9 | 10-12 || total
-------------------------+-------+-------+-------+-------++-------
Melee: Unarmed           |   102 |   207 |   341 |   322 ||   972
       Bite              |     5 |    17 |    23 |     1 ||    46
       Kick              |     4 |    14 |    36 |     1 ||    55
       Headbutt          |     8 |    10 |    27 |     2 ||    47
       Punch             |     1 |     1 |    10 |       ||    12
Throw: Tomahawk          |       |       |    16 |       ||    16
 Cast: Beastly Appendage |    16 |    27 |    36 |     3 ||    82
       Sticks to Snakes  |       |    11 |    28 |       ||    39
       Ice Form          |       |       |     3 |     5 ||     8
Invok: Potion Petition   |       |       |       |     1 ||     1
  Use: Potion            |       |     3 |    12 |     1 ||    16
       Scroll            |       |       |    11 |     4 ||    15
 Stab: Sleeping          |     1 |     2 |     8 |     5 ||    16
       Distracted        |       |     1 |     3 |     1 ||     5
  Eat: Chunk             |     3 |    11 |     7 |       ||    21
       Ration            |       |       |     5 |     4 ||     9
Armor: Robe              |    13 |    33 |     1 |       ||    47
       Skin              |       |    29 |    14 |    56 ||    99
       Ring mail         |       |       |    62 |     1 ||    63
Dodge: Dodged            |    69 |   141 |   179 |   221 ||   610
